 Dungeon Crawl Stone Soup version 0.31.0-2-g5a2aebc5c2 (webtiles) character file.

Game seed: 13953900095954122605

76 dialectric the Covered (level 4, -10/40 HPs)
             Began as a Minotaur Fighter on Jan 20, 2024.
             Was a Believer of Qazlal.
             Mangled by a gnoll
             ... wielding a +0 halberd
              (12 damage)
             ... on level 3 of the Dungeon.
             The game lasted 00:02:27 (1539 turns).

dialectric the Covered (Minotaur Fighter)           Turns: 1539, Time: 00:02:27

Health: -10/40     AC:  6    Str: 23    XL:     4   Next: 12%
Magic:  3/3        EV: 10    Int:  5    God:    Qazlal [**....]
Gold:   155        SH:  2    Dex:  9    Spells: 3/3 levels left

rFire   . . .        a - +0 flail
rCold   . . .        (no shield)
rNeg    . . .        b - +0 scale mail
rPois   .            (helmet restricted)
rElec   .            (no cloak)
rCorr   +            (no gloves)
SInv    .            (no boots)
Will    .....        (no amulet) Stlth
                     i - ring of resist corrosion
HPRegen 0.26/turn    (no ring)
MPRegen 0.08/turn

%: no passive effects
@: no status effects
A: horns 2, retaliatory headbutt, iridescent scales 1, deformed body
a: Renounce Religion, Upheaval


You were on level 3 of the Dungeon.
You worshipped Qazlal.
Qazlal was pleased with you.
You visited 1 branch of the dungeon, and saw 3 of its levels.

You collected 155 gold pieces.

Inventory:

Hand Weapons
 a - a +0 flail (weapon)
Missiles
 j - 5 curare-tipped darts (quivered)
 m - 3 poisoned darts
Armour
 b - a +0 scale mail (worn)
 c - a +0 buckler
Jewellery
 i - a ring of resist corrosion (left hand)
Scrolls
 f - a scroll of fog {unknown}
 g - 5 scrolls of identify {unknown}
 k - 2 scrolls of fear {unknown}
 l - 2 scrolls of noise {unknown}
 n - a scroll of summoning {unknown}
 o - a scroll of teleportation {unknown}
Potions
 d - a potion of might


   Skills:
 + Level 4.1 Fighting
 + Level 3.5 Maces & Flails
 + Level 4.2 Armour
 * Level 1.5 Dodging
 - Level 4.0 Shields


You had 3 spell levels left.
You didn't know any spells.
Your spell library contained the following spells:

 Spells                   Type           Power      Damage    Failure   Level
 Apportation              Tloc           0%         N/A       78%         1
 Jinxbite                 Hex            0%         N/A       89%         2
 Olgreb's Toxic Radiance  Alch           0%         N/A       100%        4
 Alistair's Intoxication  Alch           0%         N/A       100%        5
 Ozocubu's Refrigeration  Ice            0%         4d7       100%        7
 Discord                  Hex            0%         N/A       100%        8


Dungeon Overview and Level Annotations

Branches:
Dungeon (3/15)

Altars:
Makhleb
Qazlal


Innate Abilities, Weirdness & Mutations

You have a pair of horns on your head.
You reflexively headbutt those who attack you in melee.
You are partially covered in iridescent scales. (AC +2)
Armour fits poorly on your strangely shaped body.


Message History

No target in view!
No target in view!
No target in view!
No target in view!
A gnoll comes into view. It is wielding a +0 halberd.
The gnoll shouts!
A gnoll comes into view. It is wielding a +0 spear.
There are monsters nearby!
You hear a shout!
A gnoll comes into view. It is wielding a +0 flail.
The gnoll shouts!
There are monsters nearby!
The gnoll hits you with a +0 flail. You block the gnoll's attack.
A bat comes into view.
You barely miss the gnoll. Your headbutt misses the gnoll.
The gnoll barely misses you. The gnoll hits you but does no damage.
The gnoll hits you with a +0 halberd! The gnoll hits you with a +0 halberd.
The gnoll closely misses you. The gnoll hits you with a +0 flail.
You sock the gnoll!
The gnoll is almost dead.
The gnoll hits you from afar with a +0 spear.
The gnoll hits you with a +0 halberd!
* * * LOW HITPOINT WARNING * * *
The gnoll hits you with a +0 flail.
* * * LOW HITPOINT WARNING * * *
The gnoll attacks as it pursues you! The gnoll hits you with a +0 flail.
* * * LOW HITPOINT WARNING * * *
The gnoll hits you from afar with a +0 halberd.
* * * LOW HITPOINT WARNING * * *
Unknown command.
It was a potion of mutation.
You feel extremely strange.
You feel weaker.
Your body twists and deforms.
Iridescent scales grow over part of your body.
You feel stronger. The bat hits you but does no damage.
Unknown command.
It was a potion of magic.
Magic courses through your body. The bat hits you but does no damage.
The gnoll barely misses you.
The gnoll hits you from afar with a +0 halberd!
You die...

... #.. #.# #.# #.# #.# #.#
#.# ### #.# #.# ... #.# #.#
..# ###>### #@###...#
#.....####.○gg...#
.#####.#.#......bg...##
........#...#######.##
######.###..######..# #.##
##.....##.###########
#<.###.##.#.##...........###
#...#.####..#.#.#.#.#.#.#.#.
#....## #..#.............#.


You could see 3 gnolls and a bat.

Vanquished Creatures
  Robin (D:2)
  2 adders (D:2)
  2 dart slugs (D:2)
  4 bats
  2 endoplasms
  A giant cockroach (D:3)
  10 goblins
  4 hobgoblins
  A jackal (D:1)
  2 kobolds
  2 quokkas
  5 ball pythons
  3 frilled lizards (D:1)
  2 rats (D:1)
41 creatures vanquished.

Notes
Turn   | Place    | Note
-------+----------+-------------------------------------------
     0 | D:1      | dialectric the Minotaur Fighter began the quest for the
                  | Orb.
     0 | D:1      | Reached XP level 1. HP: 19/19 MP: 0/0
   137 | D:1      | Reached XP level 2. HP: 26/27 MP: 1/1
   199 | D:1      | Found a faded altar of an unknown god.
   256 | D:1      | Prayed at the altar of an unknown god.
   256 | D:1      | Became a worshipper of Qazlal Stormbringer
   256 | D:1      | Reached * piety under Qazlal
   585 | D:2      | Found a burning altar of Makhleb.
   743 | D:2      | Reached skill level 1 in Dodging
   743 | D:2      | Reached XP level 3. HP: 31/33 MP: 2/2
  1069 | D:2      | Noticed Robin
  1080 | D:2      | Killed Robin
  1105 | D:2      | Reached XP level 4. HP: 40/40 MP: 3/3
  1238 | D:3      | Reached ** piety under Qazlal
  1536 | D:3      | HP: 1/40 [gnoll/+0 halberd (4)]
  1538 | D:3      | Gained mutation: You are weak. (Str -2) [potion of
                  | mutation]
  1538 | D:3      | Gained mutation: Armour fits poorly on your strangely
                  | shaped body. [potion of mutation]
  1538 | D:3      | Gained mutation: You are partially covered in iridescent
                  | scales. (AC +2) [potion of mutation]
  1538 | D:3      | Lost mutation: You are weak. (Str -2) [potion of mutation]
  1539 | D:3      | Mangled by a gnoll

Illustrated notes

Levels and vault maps discovered:
D:1:      roderic_dead_forest, layout_basic, ebering_ecumenical_altar_box,
          st_stairs_7
D:2:      layout_basic, basic_altar, chequers_arboretum, uniq_robin
D:3:      layout_loops_ring, lightli_temple_of_fire, hex_large

Skill      XL: |  1  2  3 |
---------------+----------+-----
Armour         | 4 |  4.2
Dodging        | 1 |  1.5
Shields        | 4 |  4.0
Fighting       | 4 |  4.1
Maces & Flails | 3 |  3.5

Action                     |  1- 3 |  4- 6 || total
---------------------------+-------+-------++-------
  Melee: Flail             |    68 |    10 ||    78
         Headbutt          |     9 |     1 ||    10
         Punch             |     2 |       ||     2
    Use: Potion            |       |     2 ||     2
 Armour: Scale mail        |    65 |    18 ||    83
  Dodge: Dodged            |    34 |     6 ||    40
  Block: Other             |     2 |     2 ||     4
